General information
- name: grudge18
- type: Ladder 1vs1/FFA
- host: BEAR_AND
- saver: BEAR_AND
map: EchoIcicles
- players: 3
- length: 23:26
- speed: Fast
- version: 1.21 W3XP
- replay type:

» download(115 KB)
Players
team 1 (loser)

»
WWGT]Samuro (
red | 201 APM | 4716 actions | 23:25)
5 Death Knight
3 Death Coil
2 Unholy Aura
3 Lich
2 Frost Nova
1 Frost Armor
» actions
| Assign group hotkey | 597 | |
| Basic commands | 41 | |
| Build / train | 78 | |
| Enter build submenu | 19 | |
| Enter hero's abilities submenu | 9 | |
| Give item / drop item | 1 | |
| Remove unit from queue | 12 | |
| Right click | 2035 | |
| Select / deselect | 1017 | |
| Select group hotkey | 815 | |
| Use ability | 92 | |
4716 total
» units
| Acolyte | 3 | |
| Ghoul | 12 | |
| Gargoyle | 8 | |
| Obsidian Statue | 3 | |
| Abomination | 2 | |
28 total
» upgrades
| Ghoul Frenzy | 1 | |
| Disease Cloud | 1 | |
| Destroyer Form | 1 | |
3 total
» buildings
| Altar of Darkness | 1 | |
| Ziggurat | 6 | |
| Crypt | 2 | |
| Tomb of Relics | 1 | |
| Halls of the Dead | 4 | |
| Graveyard | 1 | |
| Black Citadel | 5 | |
| Slaughterhouse | 2 | |
22 total
» build order
00:08 Altar of Darkness
00:11 Ziggurat
00:26 Crypt
00:59 Ziggurat
01:24 Tomb of Relics
02:43 Halls of the Dead
02:43 Halls of the Dead
02:43 Halls of the Dead
02:44 Halls of the Dead
03:08 Graveyard
05:16 Crypt
05:49 Ziggurat
08:26 Black Citadel
08:27 Black Citadel
08:27 Black Citadel
08:27 Black Citadel
11:31 Slaughterhouse
12:31 Ziggurat
12:33 Slaughterhouse
17:01 Ziggurat
17:02 Ziggurat
» items
| Rod of Necromancy | 3 | |
| Potion of Healing | 2 | |
| Orb of Corruption | 1 | |
| Scroll of Town Portal | 1 | |
7 total
team 2 (winner)
WWGT]Fictious (
dark-green | 160 APM | 3751 actions | 23:25)
4 Demon Hunter
2 Mana Burn
2 Evasion
4 Pandaren Brewmaster
2 Breath of Fire
2 Drunken Haze
3 Beastmaster
2 Summon Quilbeast
1 Summon Hawk
» actions
| Assign group hotkey | 134 | |
| Basic commands | 61 | |
| Build / train | 81 | |
| ESC pressed | 7 | |
| Enter build submenu | 18 | |
| Enter hero's abilities submenu | 12 | |
| Give item / drop item | 3 | |
| Remove unit from queue | 3 | |
| Right click | 1607 | |
| Select / deselect | 688 | |
| Select group hotkey | 986 | |
| Use ability | 151 | |
3751 total
» units
| Wisp | 16 | |
| Archer | 11 | |
| Dryad | 13 | |
| Druid of the Claw | 9 | |
49 total
» upgrades
| Well Spring | 1 | |
| Druid of the Claw Training | 2 | |
| Mark of the Claw | 1 | |
4 total
» buildings
| Altar of Elders | 1 | |
| Moon Well | 6 | |
| Ancient of War | 1 | |
| Tree of Ages | 1 | |
| Hunter's Hall | 1 | |
| Tree of Eternity | 1 | |
| Ancient of Lore | 4 | |
| Ancient Protector | 2 | |
| Tree of Life | 1 | |
18 total
» build order
00:06 Altar of Elders
00:17 Moon Well
00:36 Ancient of War
01:35 Moon Well
02:38 Tree of Ages
03:10 Moon Well
05:02 Hunter's Hall
05:26 Tree of Eternity
06:21 Ancient of Lore
06:23 Ancient of Lore
07:07 Ancient of Lore
07:29 Ancient of Lore
07:57 Ancient Protector
09:56 Moon Well
11:21 Moon Well
14:42 Tree of Life
16:51 Ancient Protector
21:15 Moon Well
» items
| Scroll of Healing | 2 | |
| Scroll of Town Portal | 2 | |
| Potion of Lesser Invulnerability | 1 | |
5 total
observersBEAR_AND Chat log
(00:12 / All) WWGT]Fictious: Good luck, for you will need it.
(23:24 / All) WWGT]Samuro: gg